 Dungeon Crawl Stone Soup version 0.23-a0-290-g290e36d (webtiles) character file.

3917 MisterFreud the Grappler (level 10, -8/88 HPs)
             Began as a Troll Monk on Oct 3, 2018.
             Was a Priest of Qazlal.
             Mangled by a wyvern (16 damage)
             ... on level 8 of the Dungeon.
             The game lasted 00:11:34 (5451 turns).

MisterFreud the Grappler (Troll Monk)               Turns: 5451, Time: 00:11:34

Health: -8/88      AC:  7    Str: 26    XL:     10   Next: 1%
Magic:  13/13      EV: 13    Int:  6    God:    Qazlal [***...]
Gold:   404        SH:  4    Dex: 15    Spells: 9/9 levels left

rFire    . . .     SeeInvis .     - Unarmed
rCold    . . .     Gourm    +   (no shield)
rNeg     . . .     Faith    .   a - +0 robe
rPois    .         Spirit   .   (helmet restricted)
rElec    .         Reflect  .   o - +1 cloak
rCorr    .         Harm     .   (gloves unavailable)
MR       +....                  (boots unavailable)
Stlth    +.........             (no amulet)
HPRegen  0.64/turn              E - +5 ring of strength
MPRegen  0.13/turn              k - ring of protection from magic

@: no status effects
A: large, unfitting armour, claws 3, fast metabolism 3, gourmand, regeneration
1, shaggy fur 1, tough skin 2
a: Upheaval, Elemental Force, Renounce Religion


You were on level 8 of the Dungeon.
You worshipped Qazlal.
Qazlal was most pleased with you.
You were completely stuffed.

You visited 1 branch of the dungeon, and saw 8 of its levels.

You collected 404 gold pieces.

Inventory:

Hand Weapons
 b - the +1 hunting sling of Ufopam {venom, rN+ Int+5}
   (You found it on level 7 of the Dungeon)

   It poisons the ammo it fires.
   It affects your intelligence (+5).
   It protects you from negative energy.
Missiles
 i - 199 stones (quivered)
Armour
 a - a +0 robe (worn)
 d - a +2 shield
 o - a +1 cloak (worn)
Jewellery
 k - a ring of protection from magic (right claw)
 A - an uncursed ring of see invisible
 E - a +5 ring of strength (left claw)
 F - an uncursed ring of wizardry {unknown}
Wands
 q - a wand of paralysis (9)
 y - a wand of iceblast (9)
 I - a wand of flame (45)
Scrolls
 f - a scroll of enchant armour {unknown}
 g - 3 scrolls of blinking {unknown}
 h - 3 scrolls of magic mapping {unknown}
 m - a scroll of noise {unknown}
 r - a scroll of remove curse
 u - a scroll of fear {unknown}
 v - 2 scrolls of teleportation {unknown}
 x - a scroll of random uselessness {unknown}
 D - a scroll of fog {unknown}
 G - 2 scrolls of amnesia {unknown}
 H - a scroll of enchant weapon {unknown}
Potions
 e - 3 potions of cancellation
 j - 2 potions of mutation
 l - 2 potions of lignification {unknown}
 n - 5 potions of flight
 p - 2 potions of magic
 s - 2 potions of brilliance {unknown}
 t - a potion of degeneration {unknown}
 w - 2 potions of curing {unknown}
 z - 4 potions of heal wounds {unknown}
 B - a potion of agility {unknown}
 C - a potion of invisibility {unknown}
Comestibles
 c - 18 rations
 J - a chunk of flesh


   Skills:
 - Level 2.4 Fighting
 - Level 6.0 Dodging
 - Level 1.0 Stealth
 + Level 11.2 Unarmed Combat
 - Level 6.0 Invocations


You had 9 spell levels left.
You didn't know any spells.
Your spell library contained the following spells:

 Spells                   Type           Power        Failure   Level  Hunger
 Animate Skeleton         Necr           N/A          45%         1    ##.....
 Summon Small Mammal      Summ           #...         45%         1    ##.....
 Call Imp                 Summ           #.......     58%         2    ###....
 Corpse Rot               Necr           N/A          58%         2    ###....
 Call Canine Familiar     Summ           #.......     83%         3    ####...
 Regeneration             Chrm/Necr      #.........   83%         3    ####...
 Summon Guardian Golem    Hex/Summ       #.......     83%         3    ####...
 Animate Dead             Necr           N/A          99%         4    #####..
 Summon Ice Beast         Ice/Summ       #.......     99%         4    #####..
 Summon Lightning Spire   Summ/Air       #.......     99%         4    #####..
 Dispel Undead            Necr           #.......     100%        5    ######.


Dungeon Overview and Level Annotations

Branches:
Dungeon (8/15)             Temple (0/1) D:7
   Lair: D:8-11

Altars:
Ashenzari
Gozag
Makhleb
Nemelex Xobeh
Qazlal
Sif Muna
Trog
Uskayaw
Xom
Zin
The Shining One


Innate Abilities, Weirdness & Mutations

You are too large for most types of armour.
You have claws for hands.
Your metabolism is lightning-fast.
You like to eat raw meat.
Your natural rate of healing is unusually fast.
You are covered in fur. (AC +1)
You have very tough skin. (AC +2)


Message History

You barely miss the wyvern.
The wyvern is lightly wounded.
The wyvern closely misses you. The wyvern misses you.
You scratch the wyvern.
The wyvern is lightly wounded.
The crocodile bites you!
* * * LOW HITPOINT WARNING * * *
The wyvern closely misses you.
You claw the wyvern!
The wyvern is heavily wounded.
The crocodile bites you!
* * * LOW HITPOINT WARNING * * *
The wyvern hisses menacingly.
The wyvern bites you.
* * * LOW HITPOINT WARNING * * *
Okay, then.
The wyvern hisses menacingly.
Okay, then.
The wyvern bites you!
You die...

### #########.#
#.#[###.l@......##
#?.....t.###....## ##
....(.....##.###..#### ##.
.....##########.##†..###..
.##. #######...## # #####
### ### ############ #


You could see a crocodile and a wyvern.

Vanquished Creatures
  Pikel (D:4)
  3 hippogriffs
  A wyvern (D:8)
  A basilisk (D:8)
  A water moccasin (D:5)
  2 ice beasts
  2 sky beasts
  A slave (D:4)
  5 ogres
  4 centaurs
  4 bullfrogs
  2 jellies (D:6)
  A centaur zombie (D:7)
  4 crimson imps
  2 centaur skeletons
  4 orc priests
  6 orc wizards
  A bullfrog skeleton (D:6)
  Crazy Yiuf (D:2)
  2 iguanas (D:5)
  7 worker ants
  A killer bee zombie (D:5)
  A hound skeleton (D:6)
  4 gnolls (D:6)
  14 adders
  An ooze (D:5)
  An adder zombie (D:6)
  An adder skeleton (D:7)
  3 dart slugs
  3 worms
  6 leopard geckos
  21 orcs
  3 ball pythons
  5 giant cockroaches
  7 goblins
  12 hobgoblins
  4 jackals
  A quokka (D:2)
  6 bats
  4 frilled lizards
  A jackal skeleton (D:4)
  2 jackal zombies
  8 kobolds
  A quokka skeleton (D:4)
  A quokka zombie (D:6)
  5 rats
171 creatures vanquished.

Notes
Turn   | Place    | Note
-------+----------+-------------------------------------------
     0 | D:1      | MisterFreud the Troll Monk began the quest for the Orb.
     0 | D:1      | Reached XP level 1. HP: 22/22 MP: 0/0
    72 | D:1      | Reached XP level 2. HP: 24/29 MP: 1/1
   217 | D:1      | Reached skill level 4 in Unarmed Combat
   376 | D:1      | Reached XP level 3. HP: 36/36 MP: 2/2
   923 | D:2      | Found a sparkling altar of Nemelex Xobeh.
   963 | D:2      | Reached skill level 5 in Unarmed Combat
   963 | D:2      | Reached XP level 4. HP: 43/44 MP: 3/3
   988 | D:2      | Found a shimmering altar of Xom.
  1047 | D:2      | Found a hide-covered altar of Uskayaw.
  1063 | D:2      | Found a shattered altar of Ashenzari.
  1318 | D:2      | Found a runed door.
  1322 | D:2      | Noticed Crazy Yiuf
  1324 | D:2      | Killed Crazy Yiuf
  1324 | D:2      | Reached XP level 5. HP: 50/50 MP: 4/4
  1553 | D:3      | Reached skill level 6 in Unarmed Combat
  1649 | D:3      | Found a deep blue altar of Sif Muna.
  1881 | D:3      | Found an opulent altar of Gozag.
  2260 | D:4      | Reached XP level 6. HP: 59/59 MP: 5/5
  2315 | D:4      | Reached skill level 7 in Unarmed Combat
  2372 | D:4      | Found a burning altar of Makhleb.
  2623 | D:4      | Reached skill level 8 in Unarmed Combat
  2623 | D:4      | Reached XP level 7. HP: 63/66 MP: 6/6
  2675 | D:4      | Found a glowing silver altar of Zin.
  2744 | D:4      | Found a stormy altar of Qazlal.
  2746 | D:4      | Found a bloodstained altar of Trog.
  2759 | D:4      | Became a worshipper of Qazlal Stormbringer
  2759 | D:4      | Reached * piety under Qazlal
  2759 | D:4      | Reached ** piety under Qazlal
  2939 | D:4      | Noticed Pikel
  2950 | D:4      | Killed Pikel
  2950 | D:4      | Reached skill level 5 in Dodging
  2950 | D:4      | Reached XP level 8. HP: 58/74 MP: 7/7
  3076 | D:5      | Entered Level 5 of the Dungeon
  3848 | D:6      | Reached skill level 5 in Invocations
  3924 | D:6      | Reached *** piety under Qazlal
  3950 | D:6      | Reached XP level 9. HP: 79/80 MP: 10/12
  3972 | D:6      | Found a glowing golden altar of the Shining One.
  4274 | D:6      | Identified the Grimoire of Black Rituals
  4441 | D:7      | Got an ebony hunting sling
  4467 | D:7      | Identified the cursed +1 hunting sling of Ufopam {venom,
                  | rN+ Int+5} (You found it on level 7 of the Dungeon)
  4549 | D:7      | Reached skill level 9 in Unarmed Combat
  4758 | D:7      | Found a staircase to the Ecumenical Temple.
  5042 | D:8      | Reached skill level 10 in Unarmed Combat
  5243 | D:8      | Reached skill level 11 in Unarmed Combat
  5445 | D:8      | Reached XP level 10. HP: 53/88 MP: 13/13
  5451 | D:8      | Mangled by a wyvern

Vault maps used:
D:1:      ebering_hopf_link, roderic_roman_lattice
D:2:      lemuel_round_altar, overflow_temple_1_default,
          ashenzari_conservatory_becter, nemelex_lonely_heart_becter,
          uniq_crazy_yiuf_cottage
D:3:      lemuel_coloured_pillars_altar, lemuel_round_altar,
          hangedman_glass_teeth
D:4:      zin_treasury, kennysheep_little_box, gammafunk_temple_overflow_pools,
          first_ration, uniq_pikel
D:6:      kennysheep_mini_moat, minivault_5
D:7:      minmay_temple_entry_hall
D:8:      minmay_klotski, erik_lair_dragon, st_stairs_4, uniq_psyche

Skill      XL: |  1  2  3  4  5  6  7  8  9 |
---------------+----------------------------+-----
Unarmed Combat | 4 5 6 8 11 | 11.2
Dodging        | 5 6 |  6.0
Invocations    | 5 6 |  6.0
Fighting       | |  2.4
Stealth        | |  1.0

Action                   |  1- 3 |  4- 6 |  7- 9 | 10-12 || total
-------------------------+-------+-------+-------+-------++-------
Melee: Unarmed           |    87 |   105 |   269 |     4 ||   465
       Punch             |       |       |    10 |       ||    10
  Use: Scroll            |     1 |       |     5 |       ||     6
 Stab: Sleeping          |     2 |     4 |       |       ||     6
  Eat: Chunk             |    12 |    17 |    26 |       ||    55
Armor: Robe              |    26 |    30 |    56 |       ||   112
Dodge: Dodged            |    48 |    46 |   152 |     3 ||   249
Block: Other             |       |       |    25 |       ||    25

Table legend:
 A = Non-vault XP
 B = Vault XP
 C = Vault XP percentage of total XP
 D = Non-vault monster count
 E = Vault monster count
 F = Vault count percentage of total count
                 A         B        C        D         E       F
            +---------+---------+-------+---------+---------+-------
      Total |    4271 |    1325 |  23.7 |     164 |       6 |   3.5
            +---------+---------+-------+---------+---------+-------
        D:1 |      55 |       0 |   0.0 |      29 |       0 |   0.0
        D:2 |     134 |      37 |  21.6 |      22 |       1 |   4.3
        D:3 |     115 |       0 |   0.0 |      11 |       0 |   0.0
        D:4 |     485 |     663 |  57.8 |      23 |       1 |   4.2
        D:5 |    1005 |       0 |   0.0 |      33 |       0 |   0.0
        D:6 |     757 |       0 |   0.0 |      26 |       0 |   0.0
        D:7 |     812 |       0 |   0.0 |       8 |       0 |   0.0
        D:8 |     908 |     625 |  40.8 |      12 |       4 |  25.0
            +---------+---------+-------+---------+---------+-------
